 Dungeon Crawl Stone Soup version 0.31-a0-986-g5e6e4ef867 (webtiles) character file.

Game seed: 4918958561550973723

616 Zonian the Magician (level 7, -6/36 HPs)
             Began as a Deep Elf Fire Elementalist on Nov 11, 2023.
             Was an Initiate of Gozag.
             Mangled by an orc warrior
             ... wielding a +0 war axe
              (12 damage)
             ... on level 5 of the Dungeon.
             The game lasted 00:11:26 (5339 turns).

Zonian the Magician (Deep Elf Fire Elementalist)    Turns: 5339, Time: 00:11:27

Health: -6/36      AC:  7    Str:  5    XL:     7   Next: 21%
Magic:  17/17      EV: 14    Int: 22    God:    Gozag
Gold:   190        SH:  0    Dex: 15    Spells: 12/16 levels left

rFire   . . .        o - +0 rapier
rCold   . . .        (no shield)
rNeg    . . .        a - +0 robe
rPois   +            (no helmet)
rElec   .            q - +2 cloak {rPois}
rCorr   .            h - +0 pair of gloves
SInv    .            c - +0 pair of boots
Will    .....        (no amulet)
Stlth   +++          (no ring)
HPRegen 0.26/turn    (no ring)
MPRegen 0.15/turn

%: no passive effects
@: no status effects
A: no striking features
a: Renounce Religion, Potion Petition, Call Merchant, Bribe Branch


You were on level 5 of the Dungeon.
You worshipped Gozag.
Gozag was aware of your devotion.
You visited 1 branch of the dungeon, and saw 5 of its levels.

You collected 368 gold pieces.
You spent 142 gold pieces at shops.
You paid 36 gold pieces to Gozag.

Inventory:

Hand Weapons
 g - a +0 dagger
 o - a +0 rapier (weapon)
Missiles
 k - 2 silver javelins
 l - 6 poisoned darts
Armour
 a - a +0 robe (worn)
 c - a +0 pair of boots (worn)
 h - a +0 pair of gloves (worn)
 p - a +0 buckler
 q - a +2 cloak of poison resistance (worn)
Scrolls
 j - a scroll of teleportation
Potions
 d - a potion of heal wounds {unknown}
 e - 2 potions of attraction
 f - 2 potions of curing {unknown}
 i - a potion of lignification {unknown}
 m - a potion of might {unknown}
 n - a potion of haste {unknown}


   Skills:
 + Level 4.7 Dodging
 + Level 5.1 Stealth
 + Level 5.3 Spellcasting
 + Level 3.8 Conjurations
 + Level 5.0 Fire Magic


You had 12 spell levels left.
You knew the following spells:

 Your Spells              Type           Power      Damage    Failure   Level
a - Foxfire               Conj/Fire      100%       2x1d9     1%          1
b - Scorch                Fire           56%        2d7       1%          2
c - Magic Dart            Conj           92%        1d7       1%          1

Your spell library contained the following spells:

 Spells                   Type           Power      Damage    Failure   Level
 Inner Flame              Hex/Fire       17%        N/A       11%         3
 Volatile Blastmotes      Fire/Tloc      34%        2d12      11%         3
 Call Imp                 Summ           10%        N/A       14%         2
 Flame Wave               Conj/Fire      25%        2d8       16%         4
 Mephitic Cloud           Conj/Pois/Air  11%        N/A       17%         3


Dungeon Overview and Level Annotations

Branches:
Dungeon (5/15)
 Temple: D:4-7

Altars:
Ashenzari
Dithmenos
Gozag
Nemelex Xobeh
Sif Muna
The Shining One

Shops:
D:4 [

Annotations:
D:2 1 runed translucent door, Crazy Yiuf


Message History

Unknown command.
Throw: 3 javelins (silver)
Press: ? - help, Shift-Dir - straight line, f - orc warrior
Aim: an orc warrior, wielding a +0 war axe and wearing a +0 chain mail (moderately wounded, 50% to hit)
You throw a silver javelin.
The silver javelin closely misses the orc warrior.
The foxfire hits the orc warrior but does no damage.
The orc warrior is moderately wounded.
The foxfire hits the orc warrior but does no damage.
The orc warrior is moderately wounded.
The orc throws a boomerang.
The boomerang hits you.
The orc is distracted by your dazzling golden aura.
Casting: Foxfire (safe; 1% risk of failure)
Confirm with . or Enter, or press ? or * to list all spells.
Flames lash the orc warrior.
The orc warrior is heavily wounded.
The orc warrior's fire resistance burns away.
The orc warrior hits you with a +0 war axe!
Unknown command.
Casting: Scorch (safe; 1% risk of failure)
Confirm with . or Enter, or press ? or * to list all spells.
Flames lash the orc warrior.
The orc warrior is burned terribly!
The orc warrior is severely wounded.
The orc warrior hits you with a +0 war axe!!
Ouch! That really hurt!
* * * LOW HITPOINT WARNING * * *
Okay, then.
Casting: Scorch (safe; 1% risk of failure)
Confirm with . or Enter, or press ? or * to list all spells.
Flames lash the orc warrior.
The orc warrior is burned terribly!
The orc warrior is almost dead.
The orc is no longer distracted by gold.
Casting: Scorch (safe; 1% risk of failure)
Confirm with . or Enter, or press ? or * to list all spells.
You don't have enough magic to cast this spell.
Unknown command.
Magic courses through your body.
The orc warrior hits you with a +0 war axe!
You die...
Your body crumbles into a pile of gold.

#.#.(#.# #.#$$#.# #
....#.# # ### ###$....#
# #.. ....o..## # #.#
#......### # #.#
#........#
######.#######.o@#§#..#.
'.......................
######.########.#.......
[............##.#..$....
######.#........#.......
#.#.###.##.#.......
#.#.# #.##.#...§§§≈
#+#.# #.##.#...§§§8 ..#
#.##.#...≈§≈.


You could see an orc warrior (combustible) and an orc.

Vanquished Creatures
  Sigmund (D:3)
  Eustachio (D:4)
  A jelly (D:5)
  An iguana (D:4)
  An orc wizard (D:5)
  A sleepcap (D:5)
  7 gnolls
  6 adders
  A dart slug (D:2)
  A worm (D:3)
  4 orcs
  6 endoplasms
  4 giant cockroaches
  7 goblins
  6 hobgoblins
  6 jackals (D:4)
  3 quokkas
  10 ball pythons
  8 bats
  A frilled lizard (D:1)
  8 kobolds
  2 rats (D:1)
86 creatures vanquished.

Vanquished Creatures (collateral kills)
  19 foxfires
19 creatures vanquished.

Vanquished Creatures (others)
  382 foxfires
382 creatures vanquished.

Grand Total: 487 creatures vanquished

Notes
Turn   | Place    | Note
-------+----------+-------------------------------------------
     0 | D:1      | Zonian the Deep Elf Fire Elementalist began the quest for
                  | the Orb.
     0 | D:1      | Reached XP level 1. HP: 10/10 MP: 6/6
   225 | D:1      | Reached XP level 2. HP: 15/15 MP: 5/8
  1146 | D:2      | Learned a level 2 spell: Scorch
  1276 | D:2      | Found a faded altar of an unknown god.
  1388 | D:2      | Reached XP level 3. HP: 14/19 MP: 6/9
  1688 | D:2      | Reached XP level 4. HP: 24/24 MP: 5/11
  1757 | D:2      | Found a runed translucent door.
  1758 | D:2      | Noticed Crazy Yiuf
  2423 | D:3      | Learned a level 1 spell: Magic Dart
  2826 | D:3      | Reached XP level 5. HP: 28/28 MP: 8/13
  3133 | D:3      | Found a broken altar of Ashenzari.
  3245 | D:3      | Found an opulent altar of Gozag.
  3250 | D:3      | Noticed Sigmund
  3270 | D:3      | Killed Sigmund
  3271 | D:3      | Reached XP level 6. HP: 20/32 MP: 6/14
  3778 | D:3      | Became a worshipper of Gozag Ym Sagoz the Greedy
  4100 | D:4      | Found a shadowy altar of Dithmenos.
  4130 | D:4      | Found a glowing golden altar of the Shining One.
  4139 | D:4      | Noticed Eustachio
  4162 | D:4      | Killed Eustachio
  4163 | D:4      | Reached skill level 5 in Spellcasting
  4311 | D:4      | Found Hekh's Antique Armour Shoppe.
  4318 | D:4      | Bought a glowing cloak for 142 gold pieces
  4414 | D:4      | Reached XP level 7. HP: 36/36 MP: 12/16
  4456 | D:4      | Found a shimmering blue altar of Sif Muna.
  4752 | D:4      | Found a sparkling altar of Nemelex Xobeh.
  4921 | D:5      | Entered Level 5 of the Dungeon
  4975 | D:5      | Reached skill level 5 in Stealth
  5169 | D:5      | Reached skill level 5 in Fire Magic
  5339 | D:5      | Mangled by an orc warrior

Illustrated notes

Levels and vault maps discovered:
D:1:      orjb1_clovarrival, layout_basic, dreamdust_mushroom_princess
D:2:      layout_basic, shapermc_ecumenical_altar_mp_ritualfount, serial_forest,
          infiniplex_forest_lined_4_way, infiniplex_forest_straight_4,
          infiniplex_forest_fountain, infiniplex_forest_corner_2,
          infiniplex_forest_lined_3, infiniplex_forest_clump_tiny,
          infiniplex_forest_straight_2, uniq_crazy_yiuf_cottage
D:3:      layout_basic, general_overflow_altar, mainiacjoe_overflow_alcove_1,
          uniq_sigmund
D:4:      layout_loops_cross, mainiacjoe_overflow_alcove_2,
          nicolae_sif_muna_condensation, kennysheep_mini_moat,
          mainiacjoe_overflow_brackets, serial_shops, shop, minmay_hedge_maze,
          kennysheep_generic_room_5, uniq_eustachio
D:5:      layout_basic, demons_altar, mainiacjoe_overflow_chevrons,
          temple_fountains, serial_bayou_pond_e

Skill      XL: |  1  2  3  4  5  6  7 |
---------------+----------------------+-----
Stealth        | 3 4 5 |  5.1
Dodging        | 3 4 |  4.7
Conjurations   | 2 3 |  3.8
Fire Magic     | 4 5 |  5.0
Spellcasting   | 4 5 |  5.3

Action                     |  1- 3 |  4- 6 |  7- 9 || total
---------------------------+-------+-------+-------++-------
  Melee: Unarmed           |     1 |       |       ||     1
         Rapier            |       |       |     3 ||     3
  Throw: Javelin           |       |       |     1 ||     1
   Cast: Foxfire           |    71 |   131 |    47 ||   249
         Scorch            |       |       |     3 ||     3
    Use: Scroll            |     3 |     2 |     4 ||     9
         Potion            |       |     1 |     1 ||     2
 Armour: Robe              |    14 |    22 |     4 ||    40
  Dodge: Dodged            |    13 |    25 |     1 ||    39

Table legend: (Time is in decaauts)
 A = Elapsed time spent in this place.
 B = Non-inter-level travel time spent in this place.
 C = Inter-level travel time spent in this place.
 D = Time resting spent in this place.
 E = Time spent auto-exploring this place.
 F = Levels seen in this place.
 G = Mean time per level.
                   A        B        C        D        E       F      G
               +--------+--------+--------+--------+--------+-----+--------+
         Total |   5352 |   5209 |    143 |    676 |   3660 |   5 | 1070.4 |
       Dungeon |   5352 |   5209 |    143 |    676 |   3660 |   5 | 1070.4 |
               +--------+--------+--------+--------+--------+-----+--------+

Top non-repeatable levels by time:
     D:3: 1587 daAuts
     D:1: 1153 daAuts
     D:4: 1139 daAuts
     D:2: 1051 daAuts
     D:5: 420 daAuts
